 Dungeon Crawl Stone Soup version 0.30-a0-170-g85af917532 (webtiles) character file.

Game seed: 2342135551548935295

175384 qw the Severer (level 18, -1/119 HPs)
             Began as a Gargoyle Fighter on Sept 30, 2022.
             Was a High Priest of Okawaru.
             Slain by a swamp dragon (3 damage)
             ... on level 4 of the Swamp.
             The game lasted 00:16:27 (38146 turns).

qw the Severer (Gargoyle Fighter)                  Turns: 38146, Time: 00:16:28

Health: -1/119     AC: 46    Str: 27    XL:     18   Next: 9%
Magic:  25/25      EV: 11    Int: 10    God:    Okawaru [*****.]
Gold:   1073       SH: 33    Dex: 14    Spells: 17/17 levels left

rFire   + . .      SeeInvis +    Y - +1 broad axe (flame)
rCold   + . .      Faith    .    A - +18 shield of the Gong {rElec rN+ Will+ EV-5}
rNeg    + + .      Spirit   .    l - +0 plate armour {rC+}
rPois   inf        Reflect  .    v - +1 helmet of Qytyofim {Dex+3}
rElec   +          Harm     .    g - +2 cloak
rCorr   .          Rampage  .    b - +2 pair of gloves
Will    ++...                    C - +1 pair of boots
Stlth   ..........               (no amulet)
HPRegen 0.29/turn                h - +4 ring of evasion
MPRegen 0.19/turn                x - ring of see invisible

@: heroic, flying
A: sickness immunity, AC +13, big wings, negative energy resistance 1,
electricity resistance, torment resistance 1, petrification resistance, thin
skeletal structure 1, fire resistance 1
a: Renounce Religion, Heroism, Finesse, Duel


You were on level 4 of the Swamp.
You worshipped Okawaru.
Okawaru was extremely pleased with you.
You visited 6 branches of the dungeon, and saw 30 of its levels.
You also visited: Sewer and Ossuary.

You collected 3320 gold pieces.
You spent 2247 gold pieces at shops.


Innate Abilities, Weirdness & Mutations

You are immune to sickness and miasma.
Your stone body is resilient. (AC +13)
You are immune to poison.
Your large and strong wings let you fly.
You resist negative energy. (rN+)
You are resistant to electric shocks. (rElec)
You are resistant to unholy torment.
You are immune to petrification.
You have a somewhat thin skeletal structure. (Dex +2, Stealth+)
Your flesh is heat resistant. (rF+)


   Skills:
 - Level 15.0(20.0) Fighting
 - Level 18.0(23.0) Axes
 - Level 6.0(11.0) Throwing
 - Level 15.0(20.0) Armour
 - Level 5.0(10.0) Dodging
 + Level 14.6(19.6) Shields
 - Level 10.0 Invocations


You had 17 spell levels left.
You didn't know any spells.
Your spell library was empty.

Inventory:

Hand Weapons
 s - the +0 war axe "Diufoih" {freeze, rCorr}
   (Okawaru gifted it to you on level 15 of the Dungeon)

   It freezes those it strikes, dealing additional cold damage.
   It can also slow down cold-blooded creatures.
   rCorr:     It protects you from acid and corrosion.
 Y - a +1 broad axe of flaming (weapon)
Missiles
 r - 33 boomerangs (quivered)
Armour
 b - a +2 pair of gloves (worn)
 g - a +2 cloak (worn)
 j - a +4 chain mail of fire resistance
 l - a +0 plate armour of cold resistance (worn)
 p - +0 acid dragon scales
 v - the +1 helmet of Qytyofim (worn) {Dex+3}
   (You bought it in a shop on level 2 of the Orcish Mines)

   Dex:       It affects your dexterity (+3).
 w - +2 storm dragon scales
 A - the +18 shield of the Gong (worn) {rElec rN+ Will+ EV-5}
   (You bought it in a shop on level 2 of the Orcish Mines)

   It is deafeningly noisy when blocking attacks.
   EV:        It affects your evasion (-5).
   rElec:     It insulates you from electricity.
   rN:        It protects you from negative energy.
   Will:      It increases your willpower.
 C - a +1 pair of boots (worn)
Jewellery
 c - the ring "Zykig" {rElec rN+ rCorr Str-2 Dex+6}
   (You acquired it on level 7 of the Dungeon)

   [ring of dexterity]

   Str:       It affects your strength (-2).
   Dex:       It affects your dexterity (+6).
   rElec:     It insulates you from electricity.
   rN:        It protects you from negative energy.
   rCorr:     It protects you from acid and corrosion.
 h - a +4 ring of evasion (left hand)
 u - a ring of protection from fire
 x - a ring of see invisible (right hand)
 y - a +6 ring of strength
Scrolls
 e - 4 scrolls of teleportation
 n - 16 scrolls of identify
Potions
 d - 8 potions of might
 f - a potion of curing
 i - 9 potions of mutation
 k - 7 potions of lignification
 m - 6 potions of haste
 o - 8 potions of attraction
 q - 2 potions of resistance
 t - 2 potions of magic
 B - 6 potions of cancellation

Dungeon Overview and Level Annotations

Branches:
Dungeon (15/15)            Temple (1/1) D:6            Lair (5/5) D:8
  Swamp (4/4) Lair:3       Spider (3/4) Lair:2        Slime (0/5) Lair:4
    Orc (2/2) D:10            Elf (0/3) Orc:2        Vaults (0/5) D:14
 Depths (0/4) D:15          Sewer (visited)         Ossuary (visited)

Altars:
Ashenzari
Cheibriados
Dithmenos
Elyvilon
Gozag
Hepliaklqana
Kikubaaqudgha
Makhleb
Okawaru
Qazlal
Ru
Sif Muna
Trog
Uskayaw
Vehumet
Wu Jian
Xom
Yredelemnul
Zin
The Shining One
Jiyva

Shops:
D:4 :   D:12 *   D:15 *   Orc:2 ?[(?[

Portals:
Trove: D:11 (give 2 scrolls of acquirement)

Annotations:
D:3 2 transporters, 1 runed translucent door, Crazy Yiuf; qw's ghost, amateur GrFi
D:4 2 runed translucent doors
D:10 1 runed translucent door, qw's ghost, journeyman GrFi
D:15 1 runed translucent door, Vuirau's ghost, journeyman DsGl
Swamp:4 Lernaean hydra


Message History

You hear a roar!
You hear a deafening roar! x2
You barely miss the 22-headed Lernaean hydra.
The 22-headed Lernaean hydra is almost dead.
You slash the swamp dragon! You burn the swamp dragon.
You slash the swamp dragon! You burn the swamp dragon.
You block the 22-headed Lernaean hydra's attack.
BOUMMMMG!
You block the 22-headed Lernaean hydra's attack.
BONNNG!
The 22-headed Lernaean hydra bites you.
The 22-headed Lernaean hydra bites you but does no damage.
You block the 22-headed Lernaean hydra's attack.
GONNNNG!
The 22-headed Lernaean hydra bites you but does no damage. x2
The 22-headed Lernaean hydra bites you.
The 22-headed Lernaean hydra bites you but does no damage.
The 22-headed Lernaean hydra bites you.
You block the 22-headed Lernaean hydra's attack.
BONNNG!
The 22-headed Lernaean hydra bites you but does no damage.
The 22-headed Lernaean hydra bites you.
You block the 22-headed Lernaean hydra's attack.
SHROANNG!
The 22-headed Lernaean hydra bites you but does no damage. x2
You block the 22-headed Lernaean hydra's attack.
BOUMMMMG!
The 22-headed Lernaean hydra bites you but does no damage.
The 22-headed Lernaean hydra bites you.
The 22-headed Lernaean hydra bites you but does no damage.
The 22-headed Lernaean hydra bites you!
You block the 22-headed Lernaean hydra's attack.
PANG!
The swamp dragon bites you but does no damage.
The swamp dragon claws you.
The swamp dragon tramples you but does no damage.
You block the swamp dragon's attack.
PANG!
The swamp dragon claws you but does no damage.
The swamp dragon tramples you.
You die...

7~~~~.~^777 7~777..~7
7.77%7~~~~77.~~~77...7 7
7777~~~~~~~~77~~...
777777~.~..~~~77....~
7....~~~...<..~.~~.~7
77~~~%%%~..(7~~~~~.77
77~~~%..~..77~....777
7777.~D(~......~~.777~77
7~~.~kD@~~¤..~~..~.7~~~7
~DD~~~D~~~~...~¤~~~~~~~~
~~~~#~~~~¤~77.¤¤..7~~~~~
~.~...~.~~~77.<.. 7~~~~~
.....~.~~~~~7 ~~. 77~~~~
.~#...~~~¤~.~~ 77~~7. ¤
¤...~¤~~~~~.. 7~~~.~
~~.~...¤~~~~~. 77.7.~


77777 You could see the 22-headed Lernaean hydra, 4 swamp dragons and a swamp
drake.

Vanquished Creatures
  A tentacled monstrosity (Swamp:3)
  Asterion (Spider:1)
  2 emperor scorpions
  An orc warlord (Orc:1)
  5 ghost moths
  2 broodmothers (Spider:1)
  3 eleionomae
  A dire elephant (D:15)
  7 bunyips
  A spark wasp (Spider:2)
  Josephine (Swamp:1)
  2 entropy weavers
  4 shambling mangroves
  20 hydras
  An anaconda (Swamp:2)
  5 radroaches
  3 vault guards (D:14)
  2 ghost crabs (Swamp:4)
  6 centaur warriors
  6 alligators
  A boulder beetle (Spider:3)
  2 tengu warriors (D:15)
  A two-headed ogre (Orc:1)
  2 orc high priests
  A spriggan berserker (Swamp:3)
  Nergalle (D:10)
  A fire crab (shapeshifter) (D:15)
  Sonja (D:13)
  14 spriggans
  A deep elf knight (D:14)
  3 pharaoh ants
  3 skeletal warriors (D:12)
  2 sun moths
  3 steelbarb worms
  8 goliath frogs
  2 deep elf archers
  2 orb spiders (Spider:2)
  3 spriggan druids
  4 swamp dragons
  Pikel (D:8)
  2 bog bodies
  A wizard (D:14)
  8 orc sorcerers
  2 lindwurms
  7 ugly things
  3 deep elf pyromancers
  5 orc knights
  14 wolf spiders
  7 cyclopes
  3 will-o-the-wisps
  4 manticores
  2 moths of wrath
  Maurice (D:11)
  12 elephants
  A guardian serpent (shapeshifter) (D:14)
  4 black mambas
  Joseph (D:8)
  3 torpor snails
  2 gargoyles
  A rime drake (Lair:4)
  24 cane toads
  An unseen horror (D:12)
  Maggie (D:7)
  6 demonic crawlers
  13 komodo dragons
  A freezing wraith (D:15)
  An efreet (D:14)
  A kobold demonologist (D:5)
  2 tengu conjurers (D:15)
  3 meliai (Spider:3)
  A queen bee (Lair:3)
  A bloated husk (Swamp:2)
  11 tyrant leeches
  9 trolls
  19 hornets
  A polar bear (Lair:3)
  16 tarantellas
  19 blink frogs (Lair:5)
  Grinder (D:4)
  11 slime creatures
  17 dream sheep
  19 jumping spiders
  13 culicivoras
  2 wyverns
  5 wraiths
  38 yaks
  15 vampire mosquitoes
  A basilisk (D:13)
  29 redbacks
  2 steam dragons
  2 wargs
  14 swamp worms
  2 acid dragons
  22 water moccasins
  5 swamp drakes
  An ice beast (D:7)
  34 orc warriors
  2 sky beasts
  3 black bears
  21 wolves
  16 centaurs
  A lemure (D:8)
  5 ogres
  A phantom (D:5)
  13 kobold brigands
  18 bullfrogs
  3 gnoll sergeants
  A necrophage (D:8)
  5 scorpions
  A water moccasin zombie (Ossuary)
  11 wights
  29 killer bees
  A howler monkey (D:13)
  14 jellies
  3 hounds
  25 orc priests
  A gnoll bouda (D:8)
  Terence (D:2)
  34 orc wizards
  3 iguanas
  7 hell rats
  2 mummies (Ossuary)
  22 gnolls
  9 adders
  2 white imps
  2 ufetubi
  6 adder zombies (Ossuary)
  3 worms
  2 dart slugs (D:1)
  86 orcs
  10 bats
  12 endoplasms
  6 giant cockroaches
  7 goblins
  10 hobgoblins
  4 jackals (D:3)
  24 kobolds
  8 quokkas
  8 ball pythons
  2 frilled lizards
  A gnoll zombie (Ossuary)
  3 hobgoblin zombies (Ossuary)
  3 kobold zombies (Ossuary)
  8 orc zombies (Ossuary)
  10 rats
1045 creatures vanquished.

Vanquished Creatures (others)
  A bog body (Swamp:3)
  3 bloated husks
  2 orc wizards (Orc:2)
  22 foxfires
  109 fungi
  167 plants
  2 withered plants (D:15)
306 creatures vanquished.

Grand Total: 1351 creatures vanquished

Notes
Turn   | Place    | Note
-------+----------+-------------------------------------------
     0 | D:1      | qw the Gargoyle Fighter began the quest for the Orb.
     0 | D:1      | Reached XP level 1. HP: 14/14 MP: 1/1
     0 | D:1      | 0 ||| qw: Version: 0.2-a-12-gaebbb33
     0 | D:1      | 0 ||| qw: Game counter: 1566
     0 | D:1      | 0 ||| qw: Always use a shield: true
     0 | D:1      | 0 ||| qw: God list: Okawaru
     0 | D:1      | 0 ||| qw: Allow faded altars: false
     0 | D:1      | 0 ||| qw: Do Orc after D:15 true
     0 | D:1      | 0 ||| qw: Do second Lair branch before Depths: true
     0 | D:1      | 0 ||| qw: Lair rune preference: random
     0 | D:1      | 0 ||| qw: Plans: Normal, Zot:1-4, God:TSO, Crypt, Tomb,
                  | Pan, Slime:5, Hells, Abyss, Orb
     0 | D:1      | 0 ||| PLANNING D:1-11
    66 | D:1      | Reached skill level 2 in Axes
    76 | D:1      | HP: 3/14 [gnoll/+0 spear (3)]
    78 | D:1      | Reached XP level 2. HP: 4/19 MP: 2/2
   368 | D:1      | 368 ||| Stepping ~*~*~tactically~*~*~ (hiding).
   396 | D:1      | Found a faded altar of an unknown god.
   428 | D:1      | Reached skill level 3 in Axes
   431 | D:1      | Reached XP level 3. HP: 20/23 MP: 3/3
  1095 | D:1      | 1095 ||| DROPPING ring of flight.
  1096 | D:1      | 1096 ||| READING scroll labelled PIPIASHEMO.
  1097 | D:1      | 1097 ||| READING scroll labelled OSYISMEOHA.
  1267 | D:2      | 1267 ||| Stepping ~*~*~tactically~*~*~ (stealth).
  1269 | D:2      | 1269 ||| Stepping ~*~*~tactically~*~*~ (stealth).
  1272 | D:2      | 1272 ||| Stepping ~*~*~tactically~*~*~ (hiding).
  1276 | D:2      | Reached XP level 4. HP: 28/28 MP: 4/4
  1286 | D:2      | Reached skill level 4 in Axes
  1467 | D:2      | 1467 ||| DROPPING +0 club.
  1622 | D:2      | Found a basalt altar of Yredelemnul.
  1623 | D:2      | Noticed Terence
  1626 | D:2      | 1626 ||| Stepping ~*~*~tactically~*~*~ (stealth).
  1629 | D:2      | Killed Terence
  1630 | D:2      | Reached XP level 5. HP: 29/32 MP: 5/5
  2473 | D:2      | 2473 ||| UPGRADING to +0 cloak.
  2478 | D:2      | 2478 ||| UPGRADING to +4 chain mail of fire resistance.
  2488 | D:2      | 2488 ||| DROPPING +0 scale mail.
  2489 | D:2      | 2489 ||| READING 2 scrolls labelled HOW UNEIPERGH.
  2490 | D:2      | 2490 ||| READING scroll of enchant armour.
  2490 | D:2      | 2490 ||| ENCHANTING +0 cloak.
  2491 | D:2      | 2491 ||| READING 2 scrolls labelled DUKHAON LIFA.
  2492 | D:2      | 2492 ||| READING scroll labelled SIAQE BYXOIM.
  2493 | D:2      | 2493 ||| READING scroll labelled FEAXUH NIRRAOHODY.
  2494 | D:2      | 2494 ||| READING scroll labelled MASYPUSIVA.
  2497 | D:2      | 2497 ||| DRINKING 2 smoky white potions.
  2601 | D:2      | 2601 ||| DROPPING scroll of fog.
  2602 | D:2      | 2602 ||| DROPPING potion of berserk rage.
  2651 | D:3      | Found a transporter.
  2672 | D:3      | Identified the +2 spear of Eternal War {venom, rF- Str+4
                  | Int+5 Dex-3}
  2721 | D:3      | Found a transporter.
  2827 | D:3      | Noticed qw's ghost (amateur GrFi)
  2888 | D:3      | 2888 ||| DROPPING +0 flail.
  2930 | D:3      | Reached skill level 5 in Axes
  3356 | D:3      | Reached XP level 6. HP: 34/38 MP: 6/6
  3420 | D:3      | Found a runed translucent door.
  3421 | D:3      | Noticed Crazy Yiuf
  3519 | D:3      | 3519 ||| UPGRADING to +0 helmet.
  3524 | D:3      | 3524 ||| UPGRADING to +0 pair of gloves.
  3529 | D:3      | 3529 ||| DRINKING 2 viscous blue potions.
  3563 | D:3      | 3563 ||| DRINKING 2 murky orange potions.
  3564 | D:3      | 3564 ||| DROPPING potion of degeneration.
  3587 | D:4      | 3587 ||| PLANNING SEWER
  4045 | D:4      | Found a glowing drain.
  4052 | D:4      | 4052 ||| READING scroll labelled WUEN FOODOPSY.
  4067 | Sewer    | Entered a sewer
  4300 | Sewer    | Reached skill level 6 in Axes
  4303 | Sewer    | Reached XP level 7. HP: 23/43 MP: 7/7
  4584 | Sewer    | Reached skill level 7 in Axes
  4626 | Sewer    | 4626 ||| READING scroll of enchant armour.
  4626 | Sewer    | 4626 ||| ENCHANTING +0 pair of gloves.
  4633 | Sewer    | 4633 ||| DRINKING 2 viscous orange potions.
  4633 | Sewer    | Gained mutation: You have a somewhat thin skeletal
                  | structure. (Dex +2, Stealth+) [potion of mutation]
  4633 | Sewer    | Gained mutation: Your flesh is heat resistant. (rF+)
                  | [potion of mutation]
  4634 | Sewer    | 4634 ||| DRINKING 2 puce potions.
  4635 | Sewer    | 4635 ||| DRINKING 3 viscous amethyst potions.
  4636 | Sewer    | 4636 ||| DROPPING 2 potions of invisibility.
  4644 | D:4      | 4644 ||| PLANNING D:1-11
  4680 | D:4      | Found Tosecs's Book Boutique.
  4869 | D:4      | Reached skill level 1 in Dodging
  4892 | D:4      | Noticed Grinder
  4893 | D:4      | 4893 ||| Stepping ~*~*~tactically~*~*~ (hiding).
  4894 | D:4      | 4894 ||| Stepping ~*~*~tactically~*~*~ (hiding).
  4911 | D:4      | Paralysed by Grinder for 5 turns
  4924 | D:4      | Killed Grinder
  4925 | D:4      | Reached XP level 8. HP: 44/50 MP: 8/8
  4925 | D:4      | 4925 ||| FLEEEEING.
  4926 | D:4      | Found a large runed translucent door.
  4927 | D:4      | 4927 ||| FLEEEEING.
  4927 | D:4      | Found a large runed translucent door.
  4928 | D:4      | 4928 ||| FLEEEEING.
  5280 | D:4      | 5280 ||| DRINKING 2 fuming sapphire potions.
  5281 | D:4      | 5281 ||| DROPPING potion of flight.
  5291 | D:5      | Entered Level 5 of the Dungeon
  5292 | D:5      | 5292 ||| PLANNING OSSUARY
  5338 | D:5      | Identified the +7 giant spiked club "Tyumeaza" {vorpal, rC+
                  | Int+2}
  5416 | D:5      | 5416 ||| Stepping ~*~*~tactically~*~*~ (stealth).
  5428 | D:5      | 5428 ||| Stepping ~*~*~tactically~*~*~ (stealth).
  5681 | D:5      | Found a sand-covered staircase.
  5682 | D:5      | 5682 ||| UPGRADING to +4 ring of evasion.
  5683 | D:5      | 5683 ||| DRINKING 2 dark potions.
  5688 | Ossuary  | Entered an ossuary
  5844 | Ossuary  | Reached skill level 8 in Axes
  5873 | Ossuary  | 5873 ||| READING scroll labelled MEESAS JODU.
  5874 | Ossuary  | 5874 ||| DRINKING 3 coppery potions.
  5875 | Ossuary  | 5875 ||| READING 2 scrolls of identify.
  5875 | Ossuary  | 5875 ||| IDENTIFYING silvery potion
  5881 | D:5      | 5881 ||| PLANNING D:1-11
  5906 | D:5      | 5906 ||| Stepping ~*~*~tactically~*~*~ (hiding).
  6069 | D:5      | Reached skill level 6 in Fighting
  6246 | D:5      | Found the +7 Throatcutter {drain, coup de grace}
  6246 | D:5      | Noticed a kobold demonologist
  6248 | D:5      | Noticed a hellwing
  6251 | D:5      | 6251 ||| Stepping ~*~*~tactically~*~*~ (hiding).
  6256 | D:5      | Reached skill level 1 in Throwing
  6261 | D:5      | Killed a kobold demonologist
  6262 | D:5      | Reached skill level 3 in Throwing
  6262 | D:5      | Reached XP level 9. HP: 51/55 MP: 9/9
  6310 | D:5      | 6310 ||| READING scroll of enchant armour.
  6310 | D:5      | 6310 ||| ENCHANTING +1 pair of gloves.
  6350 | D:6      | 6350 ||| STAIRDANCE
  6366 | D:6      | Reached skill level 9 in Axes
  6372 | D:6      | 6372 ||| Stepping ~*~*~tactically~*~*~ (hiding).
  6378 | D:6      | 6378 ||| Stepping ~*~*~tactically~*~*~ (stealth).
  7045 | D:6      | 7045 ||| READING 4 scrolls of teleportation.
  7175 | D:6      | Found a staircase to the Ecumenical Temple.
  7176 | D:6      | 7176 ||| PLANNING TEMPLE
  7185 | Temple   | Entered the Ecumenical Temple
  7223 | Temple   | 7223 ||| PLANNING OKAWARU WORSHIP
  7531 | Temple   | Became a worshipper of Warmaster Okawaru
  7532 | Temple   | 7532 ||| PLANNING D:1-11
  7657 | D:6      | 7657 ||| READING scroll of enchant armour.
  7657 | D:6      | 7657 ||| ENCHANTING +0 helmet.
  7933 | D:7      | 7933 ||| Stepping ~*~*~tactically~*~*~ (stealth).
  7935 | D:7      | 7935 ||| Stepping ~*~*~tactically~*~*~ (hiding).
  7941 | D:7      | 7941 ||| Stepping ~*~*~tactically~*~*~ (hiding).
  8112 | D:7      | Noticed Maggie
  8134 | D:7      | HP: 11/57 [Maggie/+2 long sword of holy wrath (10)]
  8135 | D:7      | 8135 ||| READING 4 scrolls of teleportation.
  8136 | D:7      | 8136 ||| DRINKING potion of heal wounds.
  8138 | D:7      | Killed Maggie
  8139 | D:7      | Reached skill level 10 in Axes
  8256 | D:7      | 8256 ||| Stepping ~*~*~tactically~*~*~ (stealth).
  8278 | D:7      | Reached XP level 10. HP: 63/63 MP: 10/10
  8279 | D:7      | Reached * piety under Okawaru
  8287 | D:7      | Reached skill level 1 in Invocations
  8305 | D:7      | Reached skill level 6 in Armour
  8778 | D:7      | 8778 ||| READING scroll labelled QUETZI YGUWKYV.
  8778 | D:7      | Identified a scroll of acquirement
  8778 | D:7      | 8778 ||| ACQUIRING ring "Zykig" {rElec rN+ rCorr Str-2
                  | Dex+6}
  8778 | D:7      | Acquired the ring "Zykig" {rElec rN+ rCorr Str-2 Dex+6}
  8780 | D:7      | 8780 ||| UPGRADING to ring "Zykig" {rElec rN+ rCorr Str-2
                  | Dex+6}.
  8874 | D:8      | 8874 ||| INVOKING Heroism.
  8883 | D:8      | 8883 ||| FLEEEEING.
  8884 | D:8      | 8884 ||| FLEEEEING.
  8887 | D:8      | 8887 ||| FLEEEEING.
  8888 | D:8      | 8888 ||| FLEEEEING.
  8889 | D:8      | 8889 ||| FLEEEEING.
  8890 | D:8      | 8890 ||| FLEEEEING.
  8891 | D:8      | 8891 ||| FLEEEEING.
  8893 | D:8      | 8893 ||| FLEEEEING.
  8895 | D:8      | 8895 ||| FLEEEEING.
  8896 | D:8      | 8896 ||| FLEEEEING.
  8897 | D:8      | 8897 ||| FLEEEEING.
  8902 | D:8      | 8902 ||| FLEEEEING.
  8903 | D:8      | 8903 ||| FLEEEEING.
  8904 | D:8      | 8904 ||| FLEEEEING.
  8905 | D:8      | 8905 ||| FLEEEEING.
  8906 | D:8      | 8906 ||| FLEEEEING.
  8907 | D:8      | 8907 ||| STAIRDANCE
  9052 | D:7      | 9052 ||| READING 2 scrolls of identify.
  9052 | D:7      | 9052 ||| IDENTIFYING brown potion
  9084 | D:8      | 9084 ||| DRINKING 2 potions of curing.
  9084 | D:8      | 9084 ||| (to cure confusion)
  9102 | D:8      | Reached skill level 3 in Invocations
  9127 | D:8      | Noticed Pikel
  9128 | D:8      | 9128 ||| Stepping ~*~*~tactically~*~*~ (stealth).
  9135 | D:8      | 9135 ||| Stepping ~*~*~tactically~*~*~ (stealth).
  9144 | D:8      | Killed Pikel
  9144 | D:8      | Reached ** piety under Okawaru
  9172 | D:8      | 9172 ||| INVOKING Heroism.
  9211 | D:8      | 9211 ||| INVOKING Heroism.
  9233 | D:8      | 9233 ||| DRINKING potion of curing.
  9233 | D:8      | 9233 ||| (to cure confusion)
  9252 | D:8      | Noticed Joseph
  9253 | D:8      | 9253 ||| Stepping ~*~*~tactically~*~*~ (stealth).
  9255 | D:8      | 9255 ||| Stepping ~*~*~tactically~*~*~ (hiding).
  9273 | D:8      | Killed Joseph
  9367 | D:8      | 9367 ||| INVOKING Heroism.
  9375 | D:8      | 9375 ||| Stepping ~*~*~tactically~*~*~ (hiding).
  9493 | D:8      | 9493 ||| Stepping ~*~*~tactically~*~*~ (stealth).
  9496 | D:8      | 9496 ||| INVOKING Heroism.
  9497 | D:8      | 9497 ||| Stepping ~*~*~tactically~*~*~ (stealth).
  9522 | D:8      | Reached *** piety under Okawaru
  9526 | D:8      | 9526 ||| INVOKING Heroism.
  9579 | D:8      | Noticed a centaur warrior
  9580 | D:8      | 9580 ||| INVOKING Heroism.
  9581 | D:8      | HP: 13/64 [centaur warrior (9)]
  9582 | D:8      | 9582 ||| READING 3 scrolls of teleportation.
  9779 | D:8      | 9779 ||| Stepping ~*~*~tactically~*~*~ (stealth).
  9786 | D:8      | 9786 ||| INVOKING Heroism.
  9797 | D:8      | Killed a centaur warrior
  9798 | D:8      | Reached skill level 11 in Axes
  9798 | D:8      | Reached XP level 11. HP: 37/68 MP: 12/14
 10021 | D:8      | Found a staircase to the Lair.
 10055 | D:8      | 10055 ||| Stepping ~*~*~tactically~*~*~ (stealth).
 10056 | D:8      | 10056 ||| Stepping ~*~*~tactically~*~*~ (hiding).
 10071 | D:8      | Reached skill level 3 in Dodging
 10118 | D:8      | 10118 ||| Stepping ~*~*~tactically~*~*~ (stealth).
 10121 | D:8      | 10121 ||| INVOKING Heroism.
 10226 | D:8      | 10226 ||| INVOKING Heroism.
 10276 | D:8      | 10276 ||| INVOKING Heroism.
 10693 | D:8      | 10693 ||| INVOKING Heroism.
 10798 | D:8      | 10798 ||| PLANNING LAIR
 10798 | D:8      | 10798 ||| READING scroll labelled ACUESU COENO.
 10832 | Lair:1   | Entered Level 1 of the Lair of Beasts
 10856 | Lair:1   | Reached **** piety under Okawaru
 10857 | Lair:1   | Reached skill level 9 in Fighting
 10974 | Lair:1   | 10974 ||| INVOKING Heroism.
 11059 | Lair:1   | 11059 ||| Stepping ~*~*~tactically~*~*~ (stealth).
 11061 | Lair:1   | 11061 ||| INVOKING Heroism.
 11120 | Lair:1   | 11120 ||| INVOKING Heroism.
 11195 | Lair:1   | 11195 ||| Stepping ~*~*~tactically~*~*~ (stealth).
 11208 | Lair:1   | 11208 ||| INVOKING Heroism.
 11219 | Lair:1   | Reached ***** piety under Okawaru
 11220 | Lair:1   | Reached skill level 6 in Invocations
 11763 | Lair:2   | 11763 ||| Stepping ~*~*~tactically~*~*~ (stealth).
 11801 | Lair:2   | 11801 ||| Stepping ~*~*~tactically~*~*~ (stealth).
 11812 | Lair:2   | 11812 ||| INVOKING Heroism.
 11977 | Lair:2   | 11977 ||| FLEEEEING.
 12073 | Lair:2   | 12073 ||| INVOKING Heroism.
 12121 | Lair:2   | 12121 ||| Stepping ~*~*~tactically~*~*~ (stealth).
 12122 | Lair:2   | 12122 ||| Stepping ~*~*~tactically~*~*~ (stealth).
 12150 | Lair:2   | 12150 ||| Stepping ~*~*~tactically~*~*~ (stealth).
 12151 | Lair:2   | 12151 ||| Stepping ~*~*~tactically~*~*~ (stealth).
 12229 | Lair:2   | Found a hole to the Spider Nest.
 12246 | Lair:2   | 12246 ||| INVOKING Heroism.
 12392 | Lair:2   | Noticed a four-headed hydra
 12393 | Lair:2   | 12393 ||| INVOKING Heroism.
 12394 | Lair:2   | 12394 ||| INVOKING Finesse.
 12398 | Lair:2   | 12398 ||| SWAPPING to +2 hand axe of flaming.
 12408 | Lair:2   | Killed a one-headed hydra
 12408 | Lair:2   | Received a gift from Okawaru
 12409 | Lair:2   | Reached skill level 12 in Axes
 12409 | Lair:2   | Reached XP level 12. HP: 60/76 MP: 10/17
 12409 | Lair:2   | 12409 ||| SWAPPING to +1 war axe.
 12449 | Lair:2   | 12449 ||| Stepping ~*~*~tactically~*~*~ (stealth).
 12450 | Lair:2   | 12450 ||| Stepping ~*~*~tactically~*~*~ (stealth).
 12541 | Lair:2   | 12541 ||| INVOKING Heroism.
 12738 | Lair:2   | 12738 ||| INVOKING Heroism.
 12780 | Lair:2   | 12780 ||| Stepping ~*~*~tactically~*~*~ (stealth).
 12782 | Lair:2   | 12782 ||| Stepping ~*~*~tactically~*~*~ (stealth).
 12785 | Lair:2   | 12785 ||| INVOKING Heroism.
 12799 | Lair:2   | Reached skill level 6 in Shields
 12814 | Lair:2   | 12814 ||| INVOKING Heroism.
 12821 | Lair:2   | Reached skill level 9 in Invocations
 12829 | Lair:2   | HP: 17/76 [elephant (9)]
 12830 | Lair:2   | 12830 ||| READING 2 scrolls of teleportation.
 13796 | Lair:2   | 13796 ||| DROPPING +6 ring of intelligence.
 13797 | Lair:2   | 13797 ||| READING 3 scrolls of identify.
 13797 | Lair:2   | 13797 ||| IDENTIFYING smoky emerald potion
 13815 | Lair:3   | 13815 ||| INVOKING Heroism.
 13816 | Lair:3   | 13816 ||| STAIRDANCE
 13871 | Lair:3   | 13871 ||| STAIRDANCE
 13873 | Lair:2   | 13873 ||| INVOKING Heroism.
 13918 | Lair:3   | 13918 ||| STAIRDANCE
 13936 | Lair:3   | 13936 ||| STAIRDANCE
 13972 | Lair:3   | 13972 ||| STAIRDANCE
 13985 | Lair:3   | 13985 ||| STAIRDANCE
 13993 | Lair:3   | 13993 ||| INVOKING Heroism.
 13995 | Lair:3   | 13995 ||| STAIRDANCE
 14083 | Lair:3   | 14083 ||| Stepping ~*~*~tactically~*~*~ (stealth).
 14087 | Lair:3   | 14087 ||| Stepping ~*~*~tactically~*~*~ (stealth).
 14088 | Lair:3   | 14088 ||| Stepping ~*~*~tactically~*~*~ (stealth).
 14092 | Lair:3   | 14092 ||| INVOKING Heroism.
 14113 | Lair:3   | 14113 ||| Stepping ~*~*~tactically~*~*~ (stealth).
 14123 | Lair:3   | Received a gift from Okawaru
 14209 | Lair:3   | 14209 ||| INVOKING Heroism.
 14363 | Lair:3   | 14363 ||| INVOKING Heroism.
 14496 | Lair:3   | 14496 ||| INVOKING Heroism.
 14535 | Lair:3   | 14535 ||| Stepping ~*~*~tactically~*~*~ (stealth).
 14748 | Lair:3   | 14748 ||| INVOKING Heroism.
 14841 | Lair:3   | Found a staircase to the Swamp.
 14843 | Lair:3   | Noticed a seven-headed hydra
 14844 | Lair:3   | 14844 ||| INVOKING Heroism.
 14845 | Lair:3   | 14845 ||| INVOKING Finesse.
 14846 | Lair:3   | 14846 ||| SWAPPING to +2 hand axe of flaming.
 14857 | Lair:3   | Killed a two-headed hydra
 14857 | Lair:3   | Received a gift from Okawaru
 14857 | Lair:3   | Reached ****** piety under Okawaru
 14858 | Lair:3   | Reached XP level 13. HP: 76/82 MP: 12/20
 14858 | Lair:3   | 14858 ||| SWAPPING to +1 war axe.
 14903 | Lair:3   | 14903 ||| DROPPING +1 hand axe of electrocution.
 14922 | Lair:3   | Reached skill level 13 in Axes
 15044 | Lair:3   | 15044 ||| READING scroll of enchant weapon.
 15044 | Lair:3   | 15044 ||| ENCHANTING +1 war axe.
 15061 | Lair:3   | 15061 ||| Stepping ~*~*~tactically~*~*~ (stealth).
 15063 | Lair:3   | 15063 ||| INVOKING Heroism.
 15123 | Lair:3   | 15123 ||| INVOKING Heroism.
 15141 | Lair:3   | 15141 ||| Stepping ~*~*~tactically~*~*~ (stealth).
 15441 | Lair:3   | 15441 ||| Stepping ~*~*~tactically~*~*~ (stealth).
 15600 | Lair:3   | 15600 ||| READING scroll labelled FEISAOR RINA.
 15635 | Lair:4   | 15635 ||| STAIRDANCE
 15639 | Lair:4   | 15639 ||| INVOKING Heroism.
 15641 | Lair:4   | 15641 ||| STAIRDANCE
 15691 | Lair:4   | 15691 ||| STAIRDANCE
 15693 | Lair:3   | 15693 ||| INVOKING Heroism.
 15825 | Lair:4   | 15825 ||| STAIRDANCE
 15885 | Lair:4   | 15885 ||| STAIRDANCE
 15983 | Lair:4   | Reached skill level 14 in Axes
 16074 | Lair:4   | Found a viscous altar of Jiyva.
 16076 | Lair:4   | 16076 ||| Stepping ~*~*~tactically~*~*~ (stealth).
 16080 | Lair:4   | Found a staircase to the Slime Pits.
 16083 | Lair:4   | 16083 ||| Stepping ~*~*~tactically~*~*~ (stealth).
 16086 | Lair:4   | 16086 ||| Stepping ~*~*~tactically~*~*~ (stealth).
 16089 | Lair:4   | 16089 ||| INVOKING Heroism.
 16090 | Lair:4   | 16090 ||| Stepping ~*~*~tactically~*~*~ (stealth).
 16097 | Lair:4   | 16097 ||| Stepping ~*~*~tactically~*~*~ (stealth).
 16100 | Lair:4   | 16100 ||| Stepping ~*~*~tactically~*~*~ (stealth).
 16314 | Lair:4   | Found a shimmering altar of Xom.
 16341 | Lair:4   | 16341 ||| INVOKING Heroism.
 16343 | Lair:4   | Received a gift from Okawaru
 16411 | Lair:4   | 16411 ||| INVOKING Heroism.
 16453 | Lair:4   | Reached skill level 9 in Armour
 16536 | Lair:4   | 16536 ||| INVOKING Heroism.
 16607 | Lair:4   | 16607 ||| INVOKING Heroism.
 16874 | Lair:4   | 16874 ||| DROPPING +3 chain mail.
 16875 | Lair:4   | 16875 ||| READING scroll labelled RASITIAMAM.
 16978 | Lair:5   | Entered Level 5 of the Lair of Beasts
 16996 | Lair:5   | Identified the +8 dagger "Juibyat" {vamp, Int+6}
 17008 | Lair:5   | 17008 ||| INVOKING Heroism.
 17038 | Lair:5   | 17038 ||| Stepping ~*~*~tactically~*~*~ (stealth).
 17043 | Lair:5   | 17043 ||| INVOKING Heroism.
 17046 | Lair:5   | 17046 ||| Stepping ~*~*~tactically~*~*~ (stealth).
 17055 | Lair:5   | 17055 ||| INVOKING Finesse.
 17068 | Lair:5   | 17068 ||| Stepping ~*~*~tactically~*~*~ (stealth).
 17069 | Lair:5   | 17069 ||| SWAPPING to +2 hand axe of flaming.
 17076 | Lair:5   | 17076 ||| SWAPPING to +2 war axe.
 17111 | Lair:5   | 17111 ||| Stepping ~*~*~tactically~*~*~ (stealth).
 17115 | Lair:5   | Received a gift from Okawaru
 17121 | Lair:5   | 17121 ||| Stepping ~*~*~tactically~*~*~ (stealth).
 17137 | Lair:5   | 17137 ||| INVOKING Heroism.
 17238 | Lair:5   | 17238 ||| FLEEEEING.
 17239 | Lair:5   | 17239 ||| FLEEEEING.
 17256 | Lair:5   | 17256 ||| INVOKING Heroism.
 17258 | Lair:5   | 17258 ||| Stepping ~*~*~tactically~*~*~ (stealth).
 17259 | Lair:5   | 17259 ||| Stepping ~*~*~tactically~*~*~ (stealth).
 17260 | Lair:5   | 17260 ||| Stepping ~*~*~tactically~*~*~ (stealth).
 17261 | Lair:5   | 17261 ||| Stepping ~*~*~tactically~*~*~ (stealth).
 17264 | Lair:5   | 17264 ||| Stepping ~*~*~tactically~*~*~ (stealth).
 17266 | Lair:5   | 17266 ||| Stepping ~*~*~tactically~*~*~ (stealth).
 17289 | Lair:5   | 17289 ||| INVOKING Finesse.
 17297 | Lair:5   | 17297 ||| SWAPPING to +2 hand axe of flaming.
 17307 | Lair:5   | 17307 ||| SWAPPING to +2 war axe.
 17333 | Lair:5   | 17333 ||| Stepping ~*~*~tactically~*~*~ (stealth).
 17334 | Lair:5   | 17334 ||| Stepping ~*~*~tactically~*~*~ (stealth).
 17335 | Lair:5   | 17335 ||| INVOKING Heroism.
 17381 | Lair:5   | 17381 ||| Stepping ~*~*~tactically~*~*~ (stealth).
 17404 | Lair:5   | 17404 ||| Stepping ~*~*~tactically~*~*~ (stealth).
 17411 | Lair:5   | 17411 ||| INVOKING Heroism.
 17451 | Lair:5   | 17451 ||| INVOKING Heroism.
 17452 | Lair:5   | 17452 ||| Stepping ~*~*~tactically~*~*~ (stealth).
 17453 | Lair:5   | 17453 ||| Stepping ~*~*~tactically~*~*~ (stealth).
 17466 | Lair:5   | 17466 ||| Stepping ~*~*~tactically~*~*~ (stealth).
 17472 | Lair:5   | 17472 ||| Stepping ~*~*~tactically~*~*~ (stealth).
 17497 | Lair:5   | 17497 ||| INVOKING Heroism.
 17533 | Lair:5   | 17533 ||| INVOKING Heroism.
 17544 | Lair:5   | Gained mutation: Your large and strong wings let you fly.
                  | [Gargoyle growth]
 17544 | Lair:5   | Reached XP level 14. HP: 38/90 MP: 19/21
 17555 | Lair:5   | 17555 ||| FLEEEEING.
 17556 | Lair:5   | 17556 ||| INVOKING Heroism.
 17705 | Lair:5   | 17705 ||| FLEEEEING.
 17708 | Lair:5   | 17708 ||| FLEEEEING.
 17711 | Lair:5   | 17711 ||| FLEEEEING.
 17712 | Lair:5   | 17712 ||| STAIRDANCE
 17808 | Lair:4   | 17808 ||| UPGRADING to +2 storm dragon scales.
 17836 | Lair:5   | 17836 ||| Stepping ~*~*~tactically~*~*~ (stealth).
 17842 | Lair:5   | 17842 ||| Stepping ~*~*~tactically~*~*~ (stealth).
 17850 | Lair:5   | 17850 ||| Stepping ~*~*~tactically~*~*~ (stealth).
 17884 | Lair:5   | 17884 ||| Stepping ~*~*~tactically~*~*~ (stealth).
 17940 | Lair:5   | 17940 ||| INVOKING Heroism.
 17941 | Lair:5   | 17941 ||| INVOKING Finesse.
 17943 | Lair:5   | 17943 ||| SWAPPING to +2 hand axe of flaming.
 17950 | Lair:5   | 17950 ||| SWAPPING to +2 war axe.
 18004 | Lair:5   | 18004 ||| Stepping ~*~*~tactically~*~*~ (stealth).
 18060 | Lair:5   | 18060 ||| INVOKING Heroism.
 18068 | Lair:5   | 18068 ||| Stepping ~*~*~tactically~*~*~ (stealth).
 18175 | Lair:5   | 18175 ||| Stepping ~*~*~tactically~*~*~ (stealth).
 18177 | Lair:5   | 18177 ||| Stepping ~*~*~tactically~*~*~ (stealth).
 18188 | Lair:5   | 18188 ||| INVOKING Heroism.
 18318 | Lair:5   | Reached skill level 15 in Axes
 18341 | Lair:5   | 18341 ||| INVOKING Heroism.
 18413 | Lair:5   | Received a gift from Okawaru
 18658 | Lair:5   | 18658 ||| FLEEEEING.
 18789 | Lair:5   | 18789 ||| Stepping ~*~*~tactically~*~*~ (stealth).
 18792 | Lair:5   | 18792 ||| Stepping ~*~*~tactically~*~*~ (stealth).
 18793 | Lair:5   | 18793 ||| Stepping ~*~*~tactically~*~*~ (stealth).
 18794 | Lair:5   | 18794 ||| Stepping ~*~*~tactically~*~*~ (stealth).
 18799 | Lair:5   | 18799 ||| Stepping ~*~*~tactically~*~*~ (stealth).
 18800 | Lair:5   | 18800 ||| INVOKING Heroism.
 18801 | Lair:5   | 18801 ||| Stepping ~*~*~tactically~*~*~ (stealth).
 18802 | Lair:5   | 18802 ||| Stepping ~*~*~tactically~*~*~ (stealth).
 18883 | Lair:5   | 18883 ||| READING scroll of enchant armour.
 18883 | Lair:5   | 18883 ||| ENCHANTING +1 helmet.
 18975 | Lair:5   | 18975 ||| PLANNING D:1-11
 18975 | Lair:5   | 18975 ||| DROPPING +1 helmet.
 18976 | Lair:5   | 18976 ||| READING 2 scrolls labelled XERENL XECE.
 18977 | Lair:5   | 18977 ||| READING scroll labelled SOUSOOMILE.
 18978 | Lair:5   | 18978 ||| READING scroll labelled CAREBUTWUY.
 18979 | Lair:5   | 18979 ||| DROPPING scroll of vulnerability.
 19151 | D:9      | 19151 ||| READING scroll of enchant weapon.
 19151 | D:9      | 19151 ||| ENCHANTING +2 war axe.
 19388 | D:9      | 19388 ||| Stepping ~*~*~tactically~*~*~ (stealth).
 19390 | D:9      | 19390 ||| Stepping ~*~*~tactically~*~*~ (stealth).
 19395 | D:9      | 19395 ||| Stepping ~*~*~tactically~*~*~ (hiding).
 19399 | D:9      | 19399 ||| INVOKING Heroism.
 19533 | D:9      | 19533 ||| Stepping ~*~*~tactically~*~*~ (stealth).
 19538 | D:9      | 19538 ||| INVOKING Heroism.
 19541 | D:9      | 19541 ||| Stepping ~*~*~tactically~*~*~ (stealth).
 19613 | D:9      | 19613 ||| Stepping ~*~*~tactically~*~*~ (hiding).
 19621 | D:9      | 19621 ||| INVOKING Heroism.
 19664 | D:9      | 19664 ||| READING scroll of enchant armour.
 19664 | D:9      | 19664 ||| ENCHANTING +1 cloak.
 19668 | D:9      | 19668 ||| READING scroll of enchant weapon.
 19668 | D:9      | 19668 ||| ENCHANTING +3 war axe.
 19827 | D:9      | 19827 ||| UPGRADING to ring of see invisible.
 19832 | D:10     | Entered Level 10 of the Dungeon
 19837 | D:10     | 19837 ||| INVOKING Heroism.
 19842 | D:10     | 19842 ||| Stepping ~*~*~tactically~*~*~ (stealth).
 19943 | D:10     | Found a staircase to the Orcish Mines.
 19972 | D:10     | 19972 ||| Stepping ~*~*~tactically~*~*~ (hiding).
 20142 | D:10     | Noticed Nergalle
 20156 | D:10     | 20156 ||| INVOKING Heroism.
 20166 | D:10     | Killed Nergalle
 20332 | D:10     | Found a runed translucent door.
 20333 | D:10     | Noticed qw's ghost (journeyman GrFi)
 20450 | D:10     | 20450 ||| INVOKING Heroism.
 20512 | D:10     | 20512 ||| Stepping ~*~*~tactically~*~*~ (hiding).
 20932 | D:11     | Reached skill level 12 in Fighting
 21123 | D:11     | 21123 ||| Stepping ~*~*~tactically~*~*~ (hiding).
 21126 | D:11     | 21126 ||| Stepping ~*~*~tactically~*~*~ (hiding).
 21127 | D:11     | 21127 ||| Stepping ~*~*~tactically~*~*~ (hiding).
 21178 | D:11     | 21178 ||| Stepping ~*~*~tactically~*~*~ (hiding).
 21179 | D:11     | 21179 ||| Stepping ~*~*~tactically~*~*~ (hiding).
 21421 | D:11     | Noticed Maurice
 21441 | D:11     | Killed Maurice
 21643 | D:11     | Found a portal to a secret trove of treasure.
 21727 | D:11     | 21727 ||| PLANNING D
 21727 | D:11     | 21727 ||| DRINKING 3 yellow potions.
 21798 | D:12     | 21798 ||| INVOKING Heroism.
 21814 | D:12     | HP: 21/92 [troll (4)]
 21815 | D:12     | 21815 ||| READING scroll of teleportation.
 21816 | D:12     | 21816 ||| DRINKING potion of heal wounds.
 22154 | D:12     | 22154 ||| INVOKING Heroism.
 22322 | D:12     | 22322 ||| Stepping ~*~*~tactically~*~*~ (stealth).
 22568 | D:12     | Found Qaxew's General Store.
 22671 | D:12     | 22671 ||| INVOKING Heroism.
 23137 | D:13     | 23137 ||| Stepping ~*~*~tactically~*~*~ (hiding).
 23138 | D:13     | 23138 ||| Stepping ~*~*~tactically~*~*~ (hiding).
 23441 | D:13     | Reached skill level 16 in Axes
 23572 | D:13     | Noticed Sonja
 23573 | D:13     | 23573 ||| INVOKING Finesse.
 23604 | D:13     | Killed Sonja
 23604 | D:13     | Received a gift from Okawaru
 23639 | D:13     | 23639 ||| INVOKING Heroism.
 23873 | D:13     | 23873 ||| Stepping ~*~*~tactically~*~*~ (hiding).
 23905 | D:13     | 23905 ||| FLEEEEING.
 24134 | D:13     | 24134 ||| Stepping ~*~*~tactically~*~*~ (stealth).
 24163 | D:13     | 24163 ||| INVOKING Heroism.
 24166 | D:13     | Reached XP level 15. HP: 57/96 MP: 19/22
 24647 | D:12     | 24647 ||| BUYING +0 broad axe (44 gold).
 24647 | D:12     | Bought a +0 broad axe for 44 gold pieces
 24647 | D:12     | 24647 ||| BUYING 2 potions of lignification (66 gold).
 24647 | D:12     | Bought 2 potions of lignification for 66 gold pieces
 24647 | D:12     | 24647 ||| SWAPPING to +0 broad axe.
 24648 | D:12     | 24648 ||| DROPPING +4 war axe.
 24748 | D:14     | 24748 ||| INVOKING Heroism.
 24824 | D:14     | Found a broken altar of Ashenzari.
 24951 | D:14     | 24951 ||| INVOKING Heroism.
 24953 | D:14     | 24953 ||| Stepping ~*~*~tactically~*~*~ (hiding).
 24957 | D:14     | Received a gift from Okawaru
 24961 | D:14     | 24961 ||| Stepping ~*~*~tactically~*~*~ (hiding).
 24962 | D:14     | 24962 ||| Stepping ~*~*~tactically~*~*~ (hiding).
 24963 | D:14     | 24963 ||| Stepping ~*~*~tactically~*~*~ (hiding).
 24965 | D:14     | 24965 ||| Stepping ~*~*~tactically~*~*~ (hiding).
 24993 | D:14     | 24993 ||| DRINKING 5 potions of curing.
 24993 | D:14     | 24993 ||| (to cure confusion)
 24994 | D:14     | 24994 ||| FLEEEEING.
 25071 | D:14     | Found a gate to the Vaults.
 25072 | D:14     | 25072 ||| INVOKING Heroism.
 25408 | D:14     | 25408 ||| INVOKING Heroism.
 25412 | D:14     | 25412 ||| Stepping ~*~*~tactically~*~*~ (stealth).
 25585 | D:14     | 25585 ||| Stepping ~*~*~tactically~*~*~ (hiding).
 25736 | D:14     | 25736 ||| Stepping ~*~*~tactically~*~*~ (stealth).
 25744 | D:14     | 25744 ||| INVOKING Heroism.
 25745 | D:14     | 25745 ||| INVOKING Finesse.
 25747 | D:14     | 25747 ||| SWAPPING to +2 hand axe of flaming.
 25767 | D:14     | 25767 ||| SWAPPING to +0 broad axe.
 26028 | D:14     | 26028 ||| UPGRADING to +0 kite shield.
 26038 | D:14     | 26038 ||| DROPPING +0 buckler.
 26039 | D:14     | 26039 ||| DROPPING ring of magical power.
 26055 | D:15     | Entered Level 15 of the Dungeon
 26197 | D:15     | 26197 ||| INVOKING Heroism.
 26451 | D:15     | 26451 ||| INVOKING Heroism.
 26462 | D:15     | 26462 ||| INVOKING Finesse.
 26470 | D:15     | Reached skill level 9 in Shields
 26470 | D:15     | 26470 ||| SWAPPING to +2 hand axe of flaming.
 26478 | D:15     | 26478 ||| SWAPPING to +0 broad axe.
 26718 | D:15     | Found a runed translucent door.
 26718 | D:15     | Noticed Vuirau's ghost (journeyman DsGl)
 26730 | D:15     | 26730 ||| INVOKING Heroism.
 26731 | D:15     | 26731 ||| INVOKING Finesse.
 26733 | D:15     | 26733 ||| SWAPPING to +2 hand axe of flaming.
 26742 | D:15     | 26742 ||| SWAPPING to +0 broad axe.
 26800 | D:15     | 26800 ||| Stepping ~*~*~tactically~*~*~ (hiding).
 26801 | D:15     | 26801 ||| Stepping ~*~*~tactically~*~*~ (hiding).
 26857 | D:15     | 26857 ||| FLEEEEING.
 26872 | D:15     | Identified the +0 war axe "Diufoih" {freeze, rCorr}
                  | (Okawaru gifted it to you on level 15 of the Dungeon)
 26872 | D:15     | Received a gift from Okawaru
 26923 | D:15     | 26923 ||| Stepping ~*~*~tactically~*~*~ (hiding).
 26924 | D:15     | 26924 ||| Stepping ~*~*~tactically~*~*~ (hiding).
 26931 | D:15     | 26931 ||| INVOKING Heroism.
 26992 | D:15     | Found Fuzuikk's Blood Bar.
 27274 | D:15     | Found a staircase to the Depths.
 27275 | D:15     | 27275 ||| INVOKING Heroism.
 27489 | D:15     | 27489 ||| PLANNING ORC
 27489 | D:15     | 27489 ||| UPGRADING to +0 pair of boots.
 27494 | D:15     | 27494 ||| READING scroll labelled TESTRA CANWOAPTUE.
 27495 | D:15     | 27495 ||| DROPPING +2 hand axe of flaming.
 27597 | Orc:1    | Entered Level 1 of the Orcish Mines
 27618 | Orc:1    | 27618 ||| INVOKING Heroism.
 27704 | Orc:1    | 27704 ||| Stepping ~*~*~tactically~*~*~ (hiding).
 27705 | Orc:1    | 27705 ||| Stepping ~*~*~tactically~*~*~ (hiding).
 27711 | Orc:1    | 27711 ||| INVOKING Heroism.
 27712 | Orc:1    | 27712 ||| DRINKING 4 potions of curing.
 27712 | Orc:1    | 27712 ||| (to cure confusion)
 27721 | Orc:1    | Noticed an orc warlord
 27722 | Orc:1    | 27722 ||| INVOKING Finesse.
 27730 | Orc:1    | 27730 ||| INVOKING Heroism.
 27752 | Orc:1    | Killed an orc warlord
 28059 | Orc:1    | 28059 ||| UPGRADING to +0 plate armour of cold resistance.
 28097 | Orc:2    | Entered Level 2 of the Orcish Mines
 28098 | Orc:2    | 28098 ||| INVOKING Heroism.
 28105 | Orc:2    | 28105 ||| DRINKING 3 potions of curing.
 28105 | Orc:2    | 28105 ||| (to cure confusion)
 28114 | Orc:2    | Received a gift from Okawaru
 28164 | Orc:2    | 28164 ||| FLEEEEING.
 28165 | Orc:2    | 28165 ||| FLEEEEING.
 28166 | Orc:2    | 28166 ||| FLEEEEING.
 28167 | Orc:2    | 28167 ||| FLEEEEING.
 28168 | Orc:2    | 28168 ||| Stepping ~*~*~tactically~*~*~ (hiding).
 28170 | Orc:2    | 28170 ||| Stepping ~*~*~tactically~*~*~ (hiding).
 28208 | Orc:1    | 28208 ||| DROPPING +2 broad axe of distortion.
 28228 | Orc:2    | Found Arupewen's Armour Shoppe.
 28232 | Orc:2    | 28232 ||| INVOKING Heroism.
 28269 | Orc:2    | 28269 ||| Stepping ~*~*~tactically~*~*~ (stealth).
 28302 | Orc:2    | 28302 ||| BUYING +1 helmet of Qytyofim {Dex+3} (387 gold).
 28302 | Orc:2    | Bought the +1 helmet of Qytyofim {Dex+3} for 387 gold
                  | pieces
 28302 | Orc:2    | 28302 ||| BUYING +18 shield of the Gong {rElec rN+ Will+
                  | EV-5} (1654 gold).
 28302 | Orc:2    | Bought the +18 shield of the Gong {rElec rN+ Will+ EV-5}
                  | for 1654 gold pieces
 28302 | Orc:2    | Found the +18 shield of the Gong {rElec rN+ Will+ EV-5}
 28318 | Orc:2    | 28318 ||| Stepping ~*~*~tactically~*~*~ (hiding).
 28320 | Orc:2    | 28320 ||| Stepping ~*~*~tactically~*~*~ (hiding).
 28322 | Orc:2    | 28322 ||| INVOKING Heroism.
 28323 | Orc:2    | 28323 ||| Stepping ~*~*~tactically~*~*~ (hiding).
 28340 | Orc:2    | Reached skill level 12 in Shields
 28400 | Orc:2    | 28400 ||| INVOKING Heroism.
 28421 | Orc:2    | Paralysed by an orc sorcerer for 5 turns
 28425 | Orc:2    | HP: 23/97 [orc warrior/+0 war axe (8)]
 28427 | Orc:2    | 28427 ||| DRINKING 2 potions of heal wounds.
 28439 | Orc:2    | 28439 ||| INVOKING Heroism.
 28446 | Orc:2    | HP: 16/97 [orc priest/divine providence (13)]
 28447 | Orc:2    | 28447 ||| DRINKING potion of heal wounds.
 28475 | Orc:2    | 28475 ||| FLEEEEING.
 28739 | Orc:2    | 28739 ||| Stepping ~*~*~tactically~*~*~ (stealth).
 28740 | Orc:2    | 28740 ||| Stepping ~*~*~tactically~*~*~ (stealth).
 28742 | Orc:2    | 28742 ||| Stepping ~*~*~tactically~*~*~ (stealth).
 28745 | Orc:2    | 28745 ||| Stepping ~*~*~tactically~*~*~ (stealth).
 28746 | Orc:2    | 28746 ||| Stepping ~*~*~tactically~*~*~ (stealth).
 28780 | Orc:2    | Found Piemo's Magic Scroll Emporium.
 28780 | Orc:2    | Found Meqiapiw's Weapon Shoppe.
 28781 | Orc:2    | Found Gamol's Magic Scroll Shoppe.
 28785 | Orc:2    | Found Vuss's Antique Armour Emporium.
 28786 | Orc:2    | 28786 ||| Stepping ~*~*~tactically~*~*~ (stealth).
 28788 | Orc:2    | 28788 ||| BUYING 2 scrolls of teleportation (96 gold).
 28788 | Orc:2    | Bought 2 scrolls of teleportation for 96 gold pieces
 28788 | Orc:2    | 28788 ||| SHOPLISTING scroll of enchant armour (120 gold,
                  | have 27).
 28788 | Orc:2    | 28788 ||| SHOPLISTING scroll of enchant weapon (120 gold,
                  | have 27).
 28788 | Orc:2    | 28788 ||| SHOPLISTING scroll of teleportation (48 gold,
                  | have 27).
 28788 | Orc:2    | 28788 ||| Stepping ~*~*~tactically~*~*~ (hiding).
 28796 | Orc:2    | 28796 ||| INVOKING Heroism.
 28810 | Orc:2    | Reached XP level 16. HP: 94/103 MP: 23/23
 28843 | Orc:2    | 28843 ||| SHOPLISTING runed scarf (288 gold, have 27).
 28844 | Orc:2    | 28844 ||| SHOPLISTING scroll of acquirement (832 gold, have
                  | 27).
 28844 | Orc:2    | 28844 ||| SHOPLISTING scroll of enchant armour (120 gold,
                  | have 27).
 28844 | Orc:2    | 28844 ||| SHOPLISTING scroll of enchant weapon (120 gold,
                  | have 27).
 28844 | Orc:2    | 28844 ||| SHOPLISTING scroll of teleportation (48 gold,
                  | have 27).
 28926 | Orc:2    | 28926 ||| INVOKING Heroism.
 28927 | Orc:2    | Paralysed by an orc sorcerer for 5 turns
 29063 | Orc:2    | 29063 ||| Stepping ~*~*~tactically~*~*~ (hiding).
 29207 | Orc:2    | Found a staircase to the Elven Halls.
 29282 | Orc:2    | 29282 ||| UPGRADING to +1 helmet of Qytyofim {Dex+3}.
 29292 | Orc:2    | 29292 ||| DROPPING +2 helmet.
 29293 | Orc:2    | 29293 ||| UPGRADING to +18 shield of the Gong {rElec rN+
                  | Will+ EV-5}.
 29303 | Orc:2    | 29303 ||| DROPPING +0 kite shield.
 29325 | Orc:1    | 29325 ||| Stepping ~*~*~tactically~*~*~ (stealth).
 29327 | Orc:1    | 29327 ||| INVOKING Heroism.
 29385 | Orc:1    | 29385 ||| Stepping ~*~*~tactically~*~*~ (hiding).
 29386 | Orc:1    | 29386 ||| Stepping ~*~*~tactically~*~*~ (hiding).
 29403 | Orc:1    | 29403 ||| Stepping ~*~*~tactically~*~*~ (stealth).
 29418 | Orc:1    | 29418 ||| READING 2 scrolls of teleportation.
 29427 | Orc:1    | 29427 ||| Stepping ~*~*~tactically~*~*~ (stealth).
 29430 | Orc:1    | 29430 ||| INVOKING Heroism.
 29496 | Orc:1    | 29496 ||| PLANNING SWAMP:1-3
 29713 | Swamp:1  | Entered Level 1 of the Swamp
 29714 | Swamp:1  | 29714 ||| INVOKING Heroism.
 29727 | Swamp:1  | Reached skill level 12 in Armour
 29750 | Swamp:1  | Noticed Josephine
 29757 | Swamp:1  | 29757 ||| INVOKING Heroism.
 29772 | Swamp:1  | Killed Josephine
 30049 | Swamp:1  | Reached skill level 17 in Axes
 30152 | Swamp:1  | 30152 ||| Stepping ~*~*~tactically~*~*~ (hiding).
 30474 | Swamp:1  | 30474 ||| READING 17 scrolls of identify.
 30474 | Swamp:1  | 30474 ||| IDENTIFYING grey potion
 30475 | Swamp:1  | 30475 ||| DROPPING potion of brilliance.
 30489 | Swamp:2  | 30489 ||| STAIRDANCE
 30546 | Swamp:2  | 30546 ||| INVOKING Heroism.
 30575 | Swamp:2  | Received a gift from Okawaru
 30604 | Swamp:2  | 30604 ||| INVOKING Heroism.
 30619 | Swamp:2  | Received a gift from Okawaru
 30627 | Swamp:2  | Received a gift from Okawaru
 30930 | Swamp:2  | 30930 ||| Stepping ~*~*~tactically~*~*~ (hiding).
 30940 | Swamp:2  | 30940 ||| Stepping ~*~*~tactically~*~*~ (stealth).
 30942 | Swamp:2  | 30942 ||| Stepping ~*~*~tactically~*~*~ (hiding).
 30980 | Swamp:2  | 30980 ||| INVOKING Heroism.
 31339 | Swamp:2  | 31339 ||| Stepping ~*~*~tactically~*~*~ (hiding).
 31474 | Swamp:3  | 31474 ||| INVOKING Heroism.
 31511 | Swamp:3  | 31511 ||| INVOKING Heroism.
 31564 | Swamp:3  | 31564 ||| INVOKING Heroism.
 31578 | Swamp:3  | Reached skill level 6 in Throwing
 31603 | Swamp:3  | 31603 ||| Stepping ~*~*~tactically~*~*~ (stealth).
 31604 | Swamp:3  | 31604 ||| Stepping ~*~*~tactically~*~*~ (stealth).
 31610 | Swamp:3  | 31610 ||| INVOKING Heroism.
 31633 | Swamp:3  | Identified the +1 robe of Wrong Decisions {*Slow rPois rF+
                  | Int+7} (Okawaru gifted it to you on level 3 of the Swamp)
 31633 | Swamp:3  | Received a gift from Okawaru
 31646 | Swamp:3  | HP: 10/104 [bunyip (22)]
 31647 | Swamp:3  | 31647 ||| READING 3 scrolls of teleportation.
 31648 | Swamp:3  | 31648 ||| DRINKING 2 potions of heal wounds.
 31656 | Swamp:3  | 31656 ||| INVOKING Heroism.
 31657 | Swamp:3  | 31657 ||| Stepping ~*~*~tactically~*~*~ (hiding).
 31658 | Swamp:3  | 31658 ||| Stepping ~*~*~tactically~*~*~ (hiding).
 31969 | Swamp:3  | 31969 ||| INVOKING Heroism.
 32028 | Swamp:3  | 32028 ||| INVOKING Heroism.
 32046 | Swamp:3  | Noticed a tentacled monstrosity
 32047 | Swamp:3  | 32047 ||| INVOKING Finesse.
 32056 | Swamp:3  | Killed a tentacled monstrosity
 32103 | Swamp:3  | 32103 ||| Stepping ~*~*~tactically~*~*~ (stealth).
 32104 | Swamp:3  | 32104 ||| Stepping ~*~*~tactically~*~*~ (stealth).
 32105 | Swamp:3  | 32105 ||| Stepping ~*~*~tactically~*~*~ (stealth).
 32109 | Swamp:3  | 32109 ||| Stepping ~*~*~tactically~*~*~ (stealth).
 32111 | Swamp:3  | 32111 ||| Stepping ~*~*~tactically~*~*~ (stealth).
 32113 | Swamp:3  | 32113 ||| Stepping ~*~*~tactically~*~*~ (stealth).
 32509 | Swamp:3  | 32509 ||| PLANNING SPIDER:1-3
 32648 | Spider:1 | Entered Level 1 of the Spider Nest
 32649 | Spider:1 | 32649 ||| INVOKING Heroism.
 32664 | Spider:1 | Reached skill level 18 in Axes
 32677 | Spider:1 | Reached XP level 17. HP: 78/108 MP: 24/24
 32786 | Spider:1 | 32786 ||| INVOKING Heroism.
 32994 | Spider:1 | 32994 ||| Stepping ~*~*~tactically~*~*~ (stealth).
 33010 | Spider:1 | 33010 ||| INVOKING Heroism.
 33031 | Spider:1 | Noticed Asterion
 33032 | Spider:1 | 33032 ||| INVOKING Finesse.
 33034 | Spider:1 | Noticed an Executioner
 33045 | Spider:1 | Killed Asterion
 33336 | Spider:1 | 33336 ||| READING scroll of enchant armour.
 33336 | Spider:1 | 33336 ||| ENCHANTING +0 pair of boots.
 33425 | Spider:1 | 33425 ||| Stepping ~*~*~tactically~*~*~ (stealth).
 33472 | Spider:1 | 33472 ||| INVOKING Heroism.
 33774 | Spider:1 | 33774 ||| DROPPING +2 pair of gloves.
 33801 | Spider:2 | 33801 ||| INVOKING Heroism.
 33802 | Spider:2 | 33802 ||| STAIRDANCE
 33826 | Spider:2 | 33826 ||| STAIRDANCE
 33828 | Spider:1 | 33828 ||| INVOKING Finesse.
 33829 | Spider:1 | 33829 ||| DRINKING 3 potions of curing.
 33829 | Spider:1 | 33829 ||| (to cure confusion)
 34050 | Spider:2 | 34050 ||| STAIRDANCE
 34056 | Spider:1 | 34056 ||| DRINKING 2 potions of curing.
 34056 | Spider:1 | 34056 ||| (to cure confusion)
 34179 | Spider:2 | 34179 ||| STAIRDANCE
 34181 | Spider:1 | 34181 ||| INVOKING Heroism.
 34329 | Spider:2 | 34329 ||| STAIRDANCE
 34331 | Spider:1 | 34331 ||| INVOKING Heroism.
 34340 | Spider:1 | HP: 25/111 [wolf spider (3)]
 34341 | Spider:1 | 34341 ||| READING 5 scrolls of teleportation.
 34342 | Spider:1 | 34342 ||| DRINKING potion of heal wounds.
 34575 | Spider:2 | 34575 ||| INVOKING Heroism.
 34595 | Spider:2 | 34595 ||| Stepping ~*~*~tactically~*~*~ (stealth).
 34600 | Spider:2 | Received a gift from Okawaru
 34604 | Spider:2 | 34604 ||| INVOKING Finesse.
 34625 | Spider:2 | 34625 ||| Stepping ~*~*~tactically~*~*~ (hiding).
 34626 | Spider:2 | 34626 ||| Stepping ~*~*~tactically~*~*~ (hiding).
 34627 | Spider:2 | 34627 ||| INVOKING Heroism.
 34653 | Spider:2 | Received a gift from Okawaru
 34664 | Spider:2 | 34664 ||| INVOKING Finesse.
 34748 | Spider:2 | 34748 ||| Stepping ~*~*~tactically~*~*~ (stealth).
 34750 | Spider:2 | 34750 ||| Stepping ~*~*~tactically~*~*~ (stealth).
 34764 | Spider:2 | 34764 ||| Stepping ~*~*~tactically~*~*~ (stealth).
 34888 | Spider:2 | 34888 ||| READING scroll of enchant weapon.
 34888 | Spider:2 | 34888 ||| ENCHANTING +0 broad axe of flaming.
 35321 | Spider:3 | 35321 ||| INVOKING Heroism.
 35324 | Spider:3 | 35324 ||| STAIRDANCE
 35341 | Spider:3 | 35341 ||| STAIRDANCE
 35488 | Spider:3 | 35488 ||| INVOKING Heroism.
 35558 | Spider:3 | 35558 ||| Stepping ~*~*~tactically~*~*~ (hiding).
 35650 | Spider:3 | 35650 ||| Stepping ~*~*~tactically~*~*~ (stealth).
 35651 | Spider:3 | 35651 ||| Stepping ~*~*~tactically~*~*~ (stealth).
 35652 | Spider:3 | 35652 ||| INVOKING Heroism.
 35662 | Spider:3 | Received a gift from Okawaru
 35753 | Spider:3 | 35753 ||| Stepping ~*~*~tactically~*~*~ (stealth).
 35805 | Spider:3 | 35805 ||| Stepping ~*~*~tactically~*~*~ (stealth).
 35860 | Spider:3 | 35860 ||| INVOKING Finesse.
 35941 | Spider:3 | 35941 ||| Stepping ~*~*~tactically~*~*~ (stealth).
 35942 | Spider:3 | 35942 ||| Stepping ~*~*~tactically~*~*~ (stealth).
 35961 | Spider:3 | 35961 ||| INVOKING Heroism.
 36112 | Spider:3 | Reached skill level 15 in Fighting
 36784 | Spider:3 | 36784 ||| INVOKING Heroism.
 37044 | Spider:3 | 37044 ||| PLANNING SWAMP:4
 37044 | Spider:3 | 37044 ||| DROPPING amulet of magic regeneration.
 37146 | Spider:1 | 37146 ||| INVOKING Heroism.
 37320 | Swamp:4  | Entered Level 4 of the Swamp
 37321 | Swamp:4  | 37321 ||| INVOKING Heroism.
 37412 | Swamp:4  | 37412 ||| INVOKING Heroism.
 37443 | Swamp:4  | 37443 ||| FLEEEEING.
 37444 | Swamp:4  | 37444 ||| FLEEEEING.
 37445 | Swamp:4  | 37445 ||| INVOKING Heroism.
 37456 | Swamp:4  | HP: 25/113 [something] (4)]
 37457 | Swamp:4  | 37457 ||| READING 4 scrolls of teleportation.
 37458 | Swamp:4  | 37458 ||| DRINKING potion of heal wounds.
 37469 | Swamp:4  | 37469 ||| INVOKING Heroism.
 37472 | Swamp:4  | Received a gift from Okawaru
 37473 | Swamp:4  | 37473 ||| Stepping ~*~*~tactically~*~*~ (cloud).
 37515 | Swamp:4  | 37515 ||| Stepping ~*~*~tactically~*~*~ (stealth).
 37517 | Swamp:4  | 37517 ||| Stepping ~*~*~tactically~*~*~ (stealth).
 37519 | Swamp:4  | 37519 ||| Stepping ~*~*~tactically~*~*~ (stealth).
 37520 | Swamp:4  | 37520 ||| INVOKING Heroism.
 37747 | Swamp:4  | 37747 ||| Stepping ~*~*~tactically~*~*~ (stealth).
 37757 | Swamp:4  | Reached skill level 15 in Armour
 37779 | Swamp:4  | 37779 ||| Stepping ~*~*~tactically~*~*~ (stealth).
 37880 | Swamp:4  | 37880 ||| Stepping ~*~*~tactically~*~*~ (hiding).
 37885 | Swamp:4  | 37885 ||| INVOKING Heroism.
 37887 | Swamp:4  | Reached XP level 18. HP: 86/119 MP: 22/25
 37898 | Swamp:4  | 37898 ||| Stepping ~*~*~tactically~*~*~ (cloud).
 37910 | Swamp:4  | 37910 ||| Stepping ~*~*~tactically~*~*~ (stealth).
 37914 | Swamp:4  | 37914 ||| Stepping ~*~*~tactically~*~*~ (stealth).
 38112 | Swamp:4  | 38112 ||| INVOKING Heroism.
 38134 | Swamp:4  | Noticed the 27-headed Lernaean hydra
 38138 | Swamp:4  | Received a gift from Okawaru
 38146 | Swamp:4  | HP: 29/119 [the 22-headed Lernaean hydra (6)]
 38146 | Swamp:4  | HP: 8/119 [the 22-headed Lernaean hydra (8)]
 38146 | Swamp:4  | HP: 2/119 [swamp dragon (6)]
 38146 | Swamp:4  | Slain by a swamp dragon

Levels and vault maps discovered:
D:1:      tarquinn_simple_flora_water_c, layout_basic,
          hellmonk_ecumenical_altar_defaced_shrine, minmay_unequal
D:2:      cheibrodos_pilgrimage, layout_basic, basic_altar, minmay_diced_spiral,
          uniq_terence
D:3:      layout_loops_ring, gammafunk_ghost_gnarly_gnolls,
          uniq_crazy_yiuf_cottage
D:4:      layout_basic, jmf_multi_god_temple2, serial_shops, shop,
          gup_sewer_entry_pipe, uniq_grinder
D:5:      layout_gridville, enter_ossuary_2, dilly_guarded_unrand_throatcut
D:6:      layout_cave_pods, minmay_temple_entry_poolview,
          minmay_misc_feat_diagonals
D:7:      layout_loops_ring, serial_aquarium, aquarium_bridge_square
          [aquarium_subvault_wall, aquarium_subvault_bridge,
          aquarium_subvault_wall, aquarium_subvault_wall],
          aquarium_window_corridor_3, aquarium_window_corner, aquarium_view_2e,
          hangedman_glass_teeth, uniq_maggie
D:8:      layout_loops_corners, due_lair_maze_entry_diamond, uniq_joseph,
          uniq_pikel
D:9:      layout_loops_cross
D:10:     layout_basic, orc_0_dummy, ebering_ghost_inner_flame, uniq_nergalle
D:11:     layout_loops_ring, enter_trove_3, uniq_maurice
D:12:     layout_loops_ring, serial_shops, nicolae_take_the_stairs
D:13:     layout_loops_corners, uniq_sonja
D:14:     layout_long_grid, grunt_vaults_entry_fortified,
          nicolae_ashenzari_skybound
D:15:     hangedman_depths_entry_try_elsewhere_first, layout_stronghold,
          minmay_misc_feat_doors, gammafunk_ghost_grave, guppyfry_shop_blood
Temple:   mainiacjoe_temple_cubbyholes
Lair:1:   layout_gridlike, st_stairs_3, grunt_megastairs_1
Lair:2:   layout_layer_cave, hellmonk_spider_entry_life_and_decay,
          lemuel_fruit_tree
Lair:3:   layout_cave_pods, minmay_swamp_entry_swarm, special_room
          [special_room_bee], grunt_megastairs_3
Lair:4:   layout_roguey, minmay_slime_entry_jelly_boxes,
          nicolae_volcano_entry_vermiform, basic_altar
Lair:5:   minmay_lair_end_frog_pond, layout_loops_ring
Swamp:1:  layout_falls_marsh, nicolae_swamp_bean_lake,
          infiniplex_staircase_pool, uniq_josephine
Swamp:2:  layout_basic_swamp, serial_swamp_ruin, evilmike_swamp_ruin_rubble_1,
          hangedman_swamp_ruin_hall, evilmike_swamp_ruin_house_4, swamp_pool2,
          nicolae_swamp_snake_nest
Swamp:3:  nzn_winding_woodlands_three_and_one
          [nzn_winding_woodlands_5x15_crooked,
          nzn_winding_woodlands_5x15_parted, nzn_winding_woodlands_5x15_eye,
          nzn_winding_woodlands_center_triple_pond], layout_basic_swamp,
          nicolae_swamp_well_well_well
Swamp:4:  swamp_old_school, layout_basic_swamp, swamp_pool1
Spider:1: layout_cave_pods, uniq_asterion
Spider:2: layout_spider_delve, hangedman_spider_tarantella_strand
Spider:3: layout_cave_pods
Orc:1:    cheibrodos_orc_bank, layout_diamond_mine, elf_legates
Orc:2:    st_orc_mages, layout_caves, basic_altar, serial_shops, shop

Skill      XL: |  1  2  3  4  5  6  7  8  9 10 11 12 13 14 15 16 17 |
---------------+----------------------------------------------------+-----
Axes           | 2 3 4 5 6 7 8 10 11 12 14 16 18 | 18.0
Fighting       | 4 5 6 7 8 9 10 11 12 13 15 | 15.0
Dodging        | 1 2 3 4 5 |  5.0
Armour         | 4 5 6 7 8 9 11 13 15 | 15.0
Throwing       | 3 5 6 |  6.0
Shields        | 4 5 6 7 8 12 13 14 | 14.6
Invocations    | 4 7 10 | 10.0

Action                   |  1- 3 |  4- 6 |  7- 9 | 10-12 | 13-15 | 16-18 || total
-------------------------+-------+-------+-------+-------+-------+-------++-------
Melee: War axe           |    72 |   253 |   433 |   682 |   899 |       ||  2339
       Hand axe          |       |       |       |    21 |    48 |       ||    69
       Broad axe         |       |       |       |       |   462 |  1068 ||  1530
Throw: Boomerang         |       |    18 |    23 |    20 |   109 |    81 ||   251
       Javelin           |       |       |    13 |    73 |   126 |    25 ||   237
Invok: Heroism           |       |       |       |    33 |    54 |    37 ||   124
       Finesse           |       |       |       |     2 |     8 |     6 ||    16
  Use: Scroll            |     2 |     7 |     7 |     6 |    12 |     7 ||    41
       Potion            |       |     3 |     7 |     2 |     7 |     5 ||    24
 Stab: Confused          |       |       |       |       |       |     2 ||     2
Armor: Scale mail        |    34 |    26 |       |       |       |       ||    60
       Chain mail        |       |   132 |   219 |   282 |   177 |       ||   810
       Storm dragon scal |       |       |       |       |   427 |       ||   427
       Plate armour      |       |       |       |       |    79 |   558 ||   637
Dodge: Dodged            |    33 |    97 |   163 |   399 |   688 |   236 ||  1616
Block: Buckler           |    14 |    52 |    50 |   197 |   266 |       ||   579
       Kite shield       |       |       |       |       |   274 |  1485 ||  1759

Table legend:
 A = Non-vault XP
 B = Vault XP
 C = Vault XP percentage of total XP
 D = Non-vault monster count
 E = Vault monster count
 F = Vault count percentage of total count
                 A         B        C        D         E       F
            +---------+---------+-------+---------+---------+-------
      Total |  184158 |   66802 |  26.6 |     742 |     305 |  29.1
            +---------+---------+-------+---------+---------+-------
        D:1 |      47 |      11 |  19.0 |      19 |       5 |  20.8
        D:2 |      39 |      99 |  71.7 |      17 |      10 |  37.0
        D:3 |     133 |       0 |   0.0 |      21 |       0 |   0.0
        D:4 |     147 |     283 |  65.8 |      16 |       9 |  36.0
        D:5 |     499 |     832 |  62.5 |      19 |       6 |  24.0
        D:6 |     986 |       0 |   0.0 |      15 |       0 |   0.0
        D:7 |    1167 |     379 |  24.5 |      14 |       1 |   6.7
        D:8 |    3154 |    2711 |  46.2 |      46 |      12 |  20.7
        D:9 |    2264 |       0 |   0.0 |      26 |       0 |   0.0
       D:10 |    1091 |     787 |  41.9 |      25 |       1 |   3.8
       D:11 |    1580 |     496 |  23.9 |       9 |       1 |  10.0
       D:12 |    8918 |       0 |   0.0 |      23 |       0 |   0.0
       D:13 |    4375 |     778 |  15.1 |      12 |       1 |   7.7
       D:14 |    6742 |    6905 |  50.6 |      17 |      10 |  37.0
       D:15 |   10183 |    2381 |  19.0 |      22 |       5 |  18.5
     Lair:1 |    2718 |    1305 |  32.4 |      13 |       7 |  35.0
     Lair:2 |    8817 |    2264 |  20.4 |      38 |      11 |  22.4
     Lair:3 |    8995 |    2483 |  21.6 |      39 |      28 |  41.8
     Lair:4 |    6422 |    1102 |  14.6 |      18 |      13 |  41.9
     Lair:5 |   11323 |   10355 |  47.8 |      36 |      35 |  49.3
    Swamp:1 |    9264 |    1559 |  14.4 |      19 |       4 |  17.4
    Swamp:2 |   14334 |    1789 |  11.1 |      32 |       5 |  13.5
    Swamp:3 |    8796 |   11287 |  56.2 |      21 |      16 |  43.2
    Swamp:4 |   10595 |    6210 |  37.0 |      23 |      11 |  32.4
   Spider:1 |   24033 |    1890 |   7.3 |      57 |       2 |   3.4
   Spider:2 |   15161 |       0 |   0.0 |      31 |       0 |   0.0
   Spider:3 |   15103 |       0 |   0.0 |      38 |       0 |   0.0
      Orc:1 |    2692 |    5562 |  67.4 |      24 |      26 |  52.0
      Orc:2 |    4580 |    4659 |  50.4 |      52 |      41 |  44.1
      Sewer |       0 |     511 | 100.0 |       0 |      21 | 100.0
    Ossuary |       0 |     164 | 100.0 |       0 |      24 | 100.0
            +---------+---------+-------+---------+---------+-------
